AoeStats
← [SAPR] Janstonbeats

Lombardia

510027702Analyzed
2v2 RM · 3d ago on Sep 29, 2026· 29m 42s· 4 players
Game mode
Random Map
Map size
Medium (4 player)
Population
200
Speed
Normal
Resources
Standard
Victory
Conquest
Starting age
Dark Age
Ending age
Imperial Age
RankedLock teamsTeams togetherTeam positionsShared explorationLock speedFull tech treeHidden civsTurbo modeCheats
Victory
Defeat
🇺🇸 Saracens · United States
1047
+19
🇺🇸 Franks · United States
1019
+21
🇨🇴 Britons · Colombia
1119
-20
🇫🇷 Magyars · France
1113
-20
[SAPR] Janstonbeats
6:52 Loom
9:35 Feudal Age
14:37 Double-Bit Axe
14:35 Horse Collar
17:51 Scale Barding Armor
22:49 Castle Age
Maxirod
6:59 Loom
10:55 Feudal Age
14:25 Horse Collar
14:33 Double-Bit Axe
16:54 Town Watch
22:32 Castle Age
21:22 Town Watch
23:49 Bow Saw
26:23 Gold Mining
26:25 Stone Mining
28:29 Gold Shaft Mining
29:10 Ballistics
MaxtheMerchantman
6:49 Loom
9:07 Feudal Age
15:04 Fletching
20:56 Castle Age
21:05 Crossbowman
23:20 Bodkin Arrow
24:37 Horse Collar
Dog
6:29 Loom
9:27 Feudal Age
14:54 Double-Bit Axe
20:45 Castle Age
21:16 Forging
21:11 Scale Barding Armor
27:25 Iron Casting
28:43 Chain Barding Armor
Connection lost

Rejoining the realm…

Still unreachable

The connection could not be restored.

Session expired

The server has moved on; the page needs a fresh start.